 Dungeon Crawl Stone Soup version 0.31-a0-271-gb88eb75e06 (webtiles) character file.

Game seed: 5277582972451506835

131 HallandMoats the Trooper (level 4, 0/38 HPs)
             Began as a Demonspawn Fighter on July 15, 2023.
             Succumbed to Crazy Yiuf's poison
             ... on level 3 of the Dungeon.
             The game lasted 00:05:06 (2061 turns).

HallandMoats the Trooper (Demonspawn Fighter)       Turns: 2061, Time: 00:05:07

Health: 0/38       AC:  6    Str: 19    XL:     4   Next: 91%
Magic:  4/4        EV:  9    Int:  9    God:
Gold:   148        SH:  4    Dex: 12    Spells: 3/3 levels left

rFire   . . .        a - +0 war axe
rCold   . . .        c - +0 buckler
rNeg    . . .        b - +0 scale mail
rPois   .            (helmet restricted)
rElec   .            (no cloak)
rCorr   .            (no gloves)
SInv    .            (no boots)
Will    .....        (no amulet) Stlth
                     (no ring)
HPRegen 0.26/turn    (no ring)
MPRegen 0.09/turn

%: no passive effects
@: mighty, lethally poisoned (0 -> -7)
A: hooves 1, horns 1, weakness stinger 1
a: no special abilities


You were on level 3 of the Dungeon.
You visited 1 branch of the dungeon, and saw 3 of its levels.

You collected 148 gold pieces.

Inventory:

Hand Weapons
 a - a +0 war axe (weapon)
Armour
 b - a +0 scale mail (worn)
 c - a +0 buckler (worn)
Scrolls
 e - 2 scrolls of identify {unknown}
 f - 4 scrolls of teleportation {unknown}
 g - 2 scrolls of blinking {unknown}
 i - a scroll of fear {unknown}
 k - a scroll of noise {unknown}
Potions
 h - a potion of berserk rage {unknown}
 j - a potion of mutation {unknown}
 l - 2 potions of cancellation {unknown}


   Skills:
 * Level 4.5 Fighting
 + Level 2.7 Axes
 - Level 2.6 Armour
 + Level 3.4 Shields


You had 3 spell levels left.
You didn't know any spells.
Your spell library was empty.

Dungeon Overview and Level Annotations

Branches:
Dungeon (3/15)

Altars:

Shops:
D:2 (


Innate Abilities, Weirdness & Mutations

You have large cloven feet.
You have a pair of small horns on your head.
You have a small tail.


Message History

You see here a quokka corpse.
You see here the +6 short sword "Goblin's Regret" {elec, rC+ MP+9}.
An adder comes into view.
An adder is nearby!
An adder is nearby!
The adder hisses angrily.
You miss the adder. Your kick misses the adder. You block the adder's attack.
The adder barely misses you.
You hit the adder.
Your tail-slap misses the adder.
The adder is moderately wounded.
The adder barely misses you. x2
You closely miss the adder. Your kick misses the adder. You headbutt the adder.
You tail-slap the adder.
You kill the adder!
You see here a +0 hammer.
Crazy Yiuf shouts!
Crazy Yiuf says, "Iron alas alas!"
Could not explore, unopened runed door.
Could not explore, unopened runed door.
Could not explore, unopened runed door.
You feel very mighty all of a sudden.
Crazy Yiuf yells, "Seed fast water!"
As you open the door, it creaks loudly!
You slash Crazy Yiuf!
Crazy Yiuf is severely wounded.
Crazy Yiuf hits you with a +4 quarterstaff of chaos!
You are poisoned.
Crazy Yiuf hits you with a +4 quarterstaff of chaos!
Crazy Yiuf freezes you.
* * * LOW HITPOINT WARNING * * *
You closely miss Crazy Yiuf. You kick Crazy Yiuf.
You kill Crazy Yiuf!
* * * LOW HITPOINT WARNING * * *
You feel very sick.
* * * LOW HITPOINT WARNING * * *
You feel sick.
There is an open translucent door, spattered with blood here.
Things that are here:
a +4 quarterstaff of chaos; a +0 cloak; the gnoll corpse of Crazy Yiuf You die...

........####
♣.P.P♣
..##.......#
♣♣)).♣
..##.###.###
♣♣.♣♣
.......#.#
♣♣.♣
######.#.#
♣.♣♣
.)...#.#.###
♣♣.♣
####.......#
♣.♣♣ #
###..>###
##)## #.###
#.@.# #.#
#...# #.#
#)..# #.#
#####
######.#
.......#
########


There were no monsters in sight!

Vanquished Creatures
  Crazy Yiuf (D:3)
  3 adders
  5 worms (D:2)
  2 dart slugs (D:2)
  2 ball pythons
  3 bats (D:1)
  6 endoplasms
  4 giant cockroaches
  4 goblins
  9 hobgoblins
  2 quokkas (D:3)
  6 frilled lizards
  5 kobolds
  6 rats
58 creatures vanquished.

Notes
Turn   | Place    | Note
-------+----------+-------------------------------------------
     0 | D:1      | HallandMoats the Demonspawn Fighter began the quest for the
                  | Orb.
     0 | D:1      | Reached XP level 1. HP: 18/18 MP: 1/1
   168 | D:1      | Discovered your monstrous ancestry.
   168 | D:1      | Gained mutation: You have large cloven feet. [demonic
                  | ancestry]
   168 | D:1      | Reached XP level 2. HP: 24/24 MP: 2/2
   678 | D:1      | Gained mutation: You have a pair of small horns on your
                  | head. [demonic ancestry]
   678 | D:1      | Reached XP level 3. HP: 30/30 MP: 3/3
   830 | D:2      | Reached skill level 4 in Fighting
  1047 | D:2      | Gained mutation: You have a small tail. [demonic ancestry]
  1047 | D:2      | Reached XP level 4. HP: 32/37 MP: 4/4
  1077 | D:2      | Found Iqaj's Weapon Boutique.
  1102 | D:2      | Found a faded altar of an unknown god.
  1480 | D:3      | Found a runed translucent door.
  1481 | D:3      | Noticed Crazy Yiuf
  1859 | D:3      | Identified the +6 short sword "Goblin's Regret" {elec, rC+
                  | MP+9}
  2059 | D:3      | Killed Crazy Yiuf
  2061 | D:3      | Succumbed to Crazy Yiuf's poison

Illustrated notes

Levels and vault maps discovered:
D:1:      onia_arrival_pyramid, layout_basic
D:2:      layout_rooms, shapermc_ecumenical_altar_mp_ritualfount, serial_shops,
          shop, chequers_serial_rivers_small_a, chequers_serial_rivers_marsh,
          st_stairs_1
D:3:      layout_basic, uniq_crazy_yiuf_cottage

Skill      XL: |  1  2  3 |
---------------+----------+-----
Axes           | 2 |  2.7
Shields        | 3 |  3.4
Fighting       | 4 |  4.5
Armour         | |  2.6

Action                     |  1- 3 |  4- 6 || total
---------------------------+-------+-------++-------
  Melee: War axe           |    86 |    31 ||   117
         Kick              |    18 |     4 ||    22
         Headbutt          |     6 |     4 ||    10
         Tailslap          |       |     4 ||     4
    Use: Potion            |       |     1 ||     1
 Armour: Scale mail        |    33 |    14 ||    47
  Dodge: Dodged            |    36 |    16 ||    52
  Block: Buckler           |    19 |     7 ||    26

Table legend: (Time is in decaauts)
 A = Elapsed time spent in this place.
 B = Non-inter-level travel time spent in this place.
 C = Inter-level travel time spent in this place.
 D = Time resting spent in this place.
 E = Time spent auto-exploring this place.
 F = Levels seen in this place.
 G = Mean time per level.
                   A        B        C        D        E       F      G
               +--------+--------+--------+--------+--------+-----+--------+
         Total |   2114 |   2079 |     35 |     39 |   1609 |   3 |  704.7 |
       Dungeon |   2114 |   2079 |     35 |     39 |   1609 |   3 |  704.7 |
               +--------+--------+--------+--------+--------+-----+--------+

Top non-repeatable levels by time:
     D:3: 745 daAuts
     D:1: 714 daAuts
     D:2: 655 daAuts
